 Dungeon Crawl Stone Soup version 0.20-a0-556-g892c87b (webtiles) character file.

1354 krabocopter the Destroyer (level 8, -3/46 HPs)
             Began as an Octopode Conjurer on Feb 7, 2017.
             Was a Follower of Sif Muna.
             Shot with an arrow by a centaur (19 damage)
             ... on level 6 of the Dungeon.
             The game lasted 00:44:36 (4914 turns).

krabocopter the Destroyer (Octopode Conjurer)       Turns: 4914, Time: 00:44:37

Health: -3/46      AC:  3    Str:  7    XL:     8   Next: 63%
Magic:  0/15       EV: 13    Int: 20    God:    Sif Muna [*.....]
Gold:   180        SH:  3    Dex: 12    Spells: 9/17 levels left

rFire    . . .     SeeInvis +   q - +0 longbow
rCold    . . .     Gourm    .   (shield currently unavailable)
rNeg     . . .     Faith    .   (helmet restricted)
rPois    .         Spirit   .   z - +3 amulet of reflection
rElec    .         Reflect  +   l - ring of see invisible
rCorr    +         Harm     .   C - +2 ring of protection
MR       .....                  D - ring of resist corrosion
Stlth    ++++......             (no ring)
Regen    0.2/turn               (no ring)
                                (no ring)
                                (no ring)
                                (no ring)

@: no casting
A: almost no armour, stealthy swim, amphibious, 8 rings, constrict 8, camouflage
1, gelatinous body 1
a: Stop Divine Energy, Renounce Religion


You were on level 6 of the Dungeon.
You worshipped Sif Muna.
Sif Muna was aware of your devotion.
You were very hungry.

You visited 1 branch of the dungeon, and saw 6 of its levels.

You collected 180 gold pieces.

Inventory:

Hand Weapons
 c - a +0 dagger
 q - a +0 longbow (weapon)
 A - a +0 dagger of holy wrath
Missiles
 m - 106 stones
 p - 84 arrows (quivered)
Jewellery
 l - a ring of see invisible (left tentacle)
 y - an uncursed amulet of faith
 z - a +3 amulet of reflection (around mantle)
 C - a +2 ring of protection (right tentacle)
 D - a ring of resist corrosion (on tentacle)
Wands
 u - a wand of disintegration (14/24)
Scrolls
 g - a scroll of immolation {unknown}
 h - 4 scrolls of remove curse
 i - a scroll of enchant armour {unknown}
 r - a scroll of recharging {unknown}
 s - a scroll of amnesia {unknown}
 v - a scroll of identify
 w - a scroll of fear {unknown}
Potions
 d - a potion of curing
 e - a potion of lignification
 f - a potion of might {unknown}
 j - a potion of magic {unknown}
 k - a potion of flight {unknown}
 n - a potion of berserk rage {unknown}
 E - a potion of haste {unknown}
Books
 a - a book of Conjurations

   Spells                             Type                      Level
   a - Magic Dart                     Conjuration                  1
   b - Searing Ray                    Conjuration                  2
   c - Dazzling Spray                 Conjuration/Hexes            3
   d - Fulminant Prism                Conjuration/Hexes            4
   e - Iskenderun's Mystic Blast      Conjuration                  4
   f - Iskenderun's Battlesphere      Conjuration/Charms           5
 x - a book of Cantrips

   Spells                             Type                      Level
   a - Confusing Touch                Hexes                        1
   b - Animate Skeleton               Necromancy                   1
   c - Summon Small Mammal            Summoning                    1
   d - Apportation                    Translocation                1
Comestibles
 b - 3 bread rations
 o - a meat ration
 t - a royal jelly


   Skills:
 - Level 2.0 Dodging
 - Level 7.3 Stealth
 + Level 5.0 Spellcasting
 * Level 8.2 Conjurations
 - Level 2.0 Hexes


You had 9 spell levels left.
You knew the following spells:

 Your Spells              Type           Power        Failure   Level  Hunger
a - Magic Dart            Conj           ####         1%          1    None
b - Searing Ray           Conj           #####.       1%          2    None
c - Iskenderun's Mystic   Conj           #####...     6%          4    ####...
d - Confusing Touch       Hex            ##....       6%          1    None


Dungeon Overview and Level Annotations

Branches:
Dungeon (6/15)             Temple (0/1) D:5

Altars:
Sif Muna

Annotations:
D:3 Natasha
D:5 1 runed door, Dowan; Sigmund; Torax's ghost, amateur FeEn


Innate Abilities, Weirdness & Mutations

You cannot wear most types of armour.
You are very stealthy in the water. (Stealth+)
You are amphibious.
You can wear up to eight rings at the same time.
You can use your tentacles to constrict eight enemies at once.
Your skin changes colour to match your surroundings (Stealth+).
Your rubbery body absorbs attacks. (AC +1, EV +1)


Message History

Unknown command.
Okay, then.
Sif Muna will now grant you divine energy when your reserves of magic are depleted.
You will briefly lose access to your magic after casting a spell in this manner.
Casting: Iskenderun's Mystic Blast
Confirm with . or Enter, or press ? or * to list all spells.
Aiming: Iskenderun's Mystic Blast
Press: ? - help, Shift-Dir - straight line, f/p - centaur
Aim: a centaur, wielding a shortbow (severely wounded)
The orb of energy hits the centaur.
The centaur is almost dead.
Sif Muna grants you divine energy.
You briefly lose access to your magic!
The centaur shoots an arrow.
The arrow barely misses you.
Okay, then.
As you read the scroll labeled IXTAJAN QIRA, it crumbles to dust.
It is a scroll of identify.
e - a potion of lignification The centaur shoots an arrow.
The arrow hits you!!
You die...

o.. ..####### ###.......
.c...... #..... ..).
#.###'########
#..'.oc†@...(+
..'..#.........# ..#
##..###..##
#..c...#..##..###..## ....#
#...(..#...#........#.....#
#......+...'........#.....#
#..... #...#........#.....#
#...[. #.###..###.###.....#+
#....###.###..###.#.........


You could see a centaur and an orc.

Vanquished Creatures
  A sky beast (D:5)
  A phantom (D:5)
  7 ogres
  A centaur (D:6)
  A bullfrog (D:6)
  A bullfrog skeleton (D:5)
  3 hounds
  2 orc wizards
  4 worker ants
  A hound zombie (D:5)
  A worker ant zombie (D:6)
  2 howler monkey skeletons
  3 gnolls
  2 shadow imps
  An ooze (D:1)
  4 dart slugs
  A leopard gecko (D:3)
  9 orcs
  A bat (D:1)
  A giant cockroach (D:1)
  4 goblins
  7 hobgoblins
  11 jackals
  7 quokkas
  A frilled lizard (D:3)
  6 kobolds
  2 leopard gecko skeletons (D:4)
  11 rats
96 creatures vanquished.

Notes
Turn   | Place    | Note
-------+----------+-------------------------------------------
     0 | D:1      | krabocopter the Octopode Conjurer began the quest for the Orb.
     0 | D:1      | Reached XP level 1. HP: 11/11 MP: 3/3
   279 | D:1      | Reached XP level 2. HP: 14/17 MP: 0/5
   799 | D:1      | Reached XP level 3. HP: 14/21 MP: 1/6
  1363 | D:2      | You fall through a shaft for 2 floors!
  1367 | D:4      | Noticed an ogre
  1386 | D:4      | Reached XP level 4. HP: 19/27 MP: 0/7
  1693 | D:3      | Noticed Natasha
  1997 | D:3      | Noticed a sky beast
  2419 | D:4      | Reached skill level 5 in Stealth
  2430 | D:3      | Reached XP level 5. HP: 12/31 MP: 1/9
  2699 | D:4      | Reached skill level 5 in Conjurations
  2750 | D:3      | Learned a level 2 spell: Searing Ray
  2880 | D:4      | Learned a level 4 spell: Iskenderun's Mystic Blast
  2919 | D:5      | Entered Level 5 of the Dungeon
  2925 | D:5      | Noticed Torax's ghost (amateur FeEn)
  2965 | D:4      | Noticed an ogre
  2976 | D:4      | Killed an ogre
  2976 | D:4      | Reached XP level 6. HP: 29/36 MP: 3/10
  3551 | D:5      | Reached skill level 6 in Conjurations
  3551 | D:5      | Reached XP level 7. HP: 40/41 MP: 4/12
  3716 | D:5      | Found a runed door.
  3862 | D:5      | Learned a level 1 spell: Confusing Touch
  3893 | D:5      | Reached skill level 1 in Hexes
  3957 | D:5      | Found a deep blue altar of Sif Muna.
  3966 | D:5      | Became a worshipper of Sif Muna the Loreminder
  4100 | D:5      | Noticed Sigmund
  4162 | D:5      | Reached XP level 8. HP: 44/46 MP: 8/14
  4259 | D:5      | Found a staircase to the Ecumenical Temple.
  4334 | D:5      | Reached skill level 7 in Conjurations
  4363 | D:5      | Noticed Dowan
  4696 | D:6      | Reached * piety under Sif Muna
  4905 | D:6      | Reached skill level 8 in Conjurations
  4912 | D:6      | Reached skill level 5 in Spellcasting
  4914 | D:6      | Shot with an arrow by a centaur

Vault maps used:
D:1:      dpeg_arrival_ratfight, minmay_misc_feat_plants
D:2:      minmay_overflow_temple_star_quad, first_bread, minmay_misc_feat_iff,
          minmay_item_behind_shaft
D:3:      uniq_grinder, uniq_natasha
D:5:      minmay_temple_entry_junction, hangedman_decor_growths, tgw_sif,
          uniq_sigmund, uniq_crazy_yiuf_cottage, uniq_duvessa

Skill      XL: |  1  2  3  4  5  6  7  8 |
---------------+-------------------------+-----
Stealth        | 3 4 5 7 |  7.3
Conjurations   | 5 6 8 |  8.2
Spellcasting   | 3 4 5 |  5.0
Hexes          | 1 2 |  2.0
Dodging        | |  2.0

Action                   |  1- 3 |  4- 6 |  7- 9 || total
-------------------------+-------+-------+-------++-------
Melee: Dagger            |    33 |    14 |       ||    47
       Constrict         |     8 |     4 |       ||    12
       Tentacles         |     4 |     3 |       ||     7
 Fire: Longbow           |       |    10 |    27 ||    37
 Cast: Magic Dart        |    55 |    83 |    26 ||   164
       Searing Ray       |       |     5 |    17 ||    22
       Iskenderun's Myst |       |       |     5 ||     5
Invok: Divine Energy     |       |       |     1 ||     1
  Use: Potion            |     1 |       |       ||     1
       Scroll            |       |       |     2 ||     2
  Eat: Chunk             |     2 |     7 |     4 ||    13
Armor: Skin              |     2 |     3 |     3 ||     8
Dodge: Dodged            |    26 |    24 |    34 ||    84
Block: Other             |       |     3 |     6 ||     9
